 Dungeon Crawl Stone Soup version 0.30-a0-793-g160f7cfddd (webtiles) character file.

Game seed: 12630826444874998989

4 Esekla the Sneak (level 1, -4/16 HPs)
             Began as an Octopode Delver on Feb 19, 2023.
             Slain by an orc wizard
             ... wielding a +0 dagger
              (5 damage)
             ... on level 5 of the Dungeon.
             The game lasted 00:01:26 (115 turns).

Esekla the Sneak (Octopode Delver)                   Turns: 115, Time: 00:01:26

Health: -4/16      AC:  1    Str: 11    XL:     1   Next: 60%
Magic:  1/1        EV: 13    Int: 12    God:
Gold:   0          SH:  0    Dex: 13    Spells: 0/0 levels left

rFire   . . .      SeeInvis .    a - +0 falchion
rCold   . . .      Faith    .    (no shield)
rNeg    . . .      Spirit   .    (helmet restricted)
rPois   .          Reflect  .    (no amulet)
rElec   .          Harm     .    (no ring)
rCorr   .          Rampage  .    (no ring)
Will    .....                    (no ring)
Stlth   ++++                     (no ring)
HPRegen 0.22/turn                (no ring)
MPRegen 0.07/turn                (no ring)
                                 (no ring)
                                 (no ring)

@: no status effects
A: almost no armour, amphibious, 8 rings, camouflage 1, gelatinous body 1,
(nimble swimmer 1), tentacles
a: no special abilities


You were on level 5 of the Dungeon.
You visited 1 branch of the dungeon, and saw 1 of its levels.

Inventory:

Hand Weapons
 a - a +0 falchion (weapon)
Wands
 f - a wand of digging (3)
Scrolls
 b - a scroll of fog
 c - a scroll of vulnerability {unknown}
Potions
 e - a potion of haste


   Skills:
 + Level 3.0 Fighting
 + Level 2.0 Long Blades
 + Level 2.0 Dodging
 + Level 6.8 Stealth


You couldn't memorise any spells.
You didn't know any spells.
Your spell library was empty.

Dungeon Overview and Level Annotations

Branches:
Dungeon (5/15)
 Temple: D:4-7

Altars:


Innate Abilities, Weirdness & Mutations

You cannot wear most types of armour.
You are amphibious.
You can wear up to eight rings at the same time.
Your skin changes colour to match your surroundings (Stealth+).
Your rubbery body absorbs attacks. (AC +1, EV +1)
((You are camouflaged when in or above water. (Stealth+)))
You have tentacles for arms and can constrict up to eight enemies at once.


Message History

The orc hits you with a +0 dagger. The orc closely misses you.
An orc comes into view. It is wielding a +0 trident.
The orc shouts!
The gnoll shouts!
You hit the orc.
You kill the orc!
You constrict the orc, but do no damage.
You hear a shout!
An orc comes into view. It is wielding a +0 dagger.
The orc hits you with a +0 flail.
You hit the orc.
You kill the orc!
An orc wizard comes into view. It is wielding a +0 dagger.
A gnoll comes into view. It is wielding a +0 halberd.
You closely miss the orc wizard.
The gnoll shouts!
The orc wizard shouts!
You grab the orc wizard.
You constrict the orc wizard, but do no damage.
You hear a shout!
The orc wizard hits you but does no damage.
A gnoll sergeant comes into view. It is wielding a +0 trident.
An orc comes into view. It is wielding a +0 mace.
The orc wizard barely misses you.
The orc hits you from afar with a +0 trident!
The orc shouts!
You hit the orc wizard.
The orc wizard is moderately wounded.
You constrict the orc wizard, but do no damage.
Something hits the plant!
The plant begins to die.
An orc comes into view. It is wielding a +0 hand axe.
An orc comes into view. It is wielding a +0 flail.
The orc hits you from afar with a +0 trident.
* * * LOW HITPOINT WARNING * * *
The orc wizard struggles to escape constriction.
You hit the orc but do no damage. You grab the orc. You squeeze the orc.
The orc is moderately wounded.
You constrict the orc wizard. You constrict the orc.
The orc hits you with a +0 club.
* * * LOW HITPOINT WARNING * * *
The orc wizard hits you with a +0 dagger.
You die...

,,,* *,,**_**,,* *,,,,,,,,**,,,
,,,****.,,+**,,,* *,,,,,,,,**,,,
,,,,,*,..,,*,,,,* *,,,,,,,,*****
,,**,,,P~P,,,,,,* **********
,,**,,,.~P.,,,*,*
,,,,,*,.P.oo,o,,*
,******...ggo####################
,,,,,,,.......oo.................
,,,,,,,......goo@................
,,,,,,*############...########...
,****,##**********#...########...
******...,,,,,,,,.S..........'...
,,,,,*#S..##****##############...
,,,,,***#...#* ####
,,,,,*,,,,#..#### #
,,,,,****,#.....# # ,,,,,*
*,#.....## #


You could see a gnoll sergeant, 2 orc wizards, 2 gnolls and 5 orcs.

Vanquished Creatures
  2 orcs (D:5)
2 creatures vanquished.

Notes
Turn   | Place    | Note
-------+----------+-------------------------------------------
     0 | D:5      | Esekla the Octopode Delver began the quest for the Orb.
     0 | D:5      | Reached XP level 1. HP: 16/16 MP: 1/1
    56 | D:5      | Noticed a centaur
   109 | D:5      | Noticed an orc wizard
   112 | D:5      | Noticed an orc wizard
   113 | D:5      | Noticed a gnoll sergeant
   115 | D:5      | Slain by an orc wizard

Illustrated notes

Levels and vault maps discovered:
D:5:      layout_basic, zin_scriptorium, tso_oasis_becter, kennysheep_dice,
          uniq_crazy_yiuf_cottage

Action                     || total
---------------------------++-------
  Melee: Falchion          ||     7
         Constrict         ||     3
         Tentacles         ||     1
    Use: Scroll            ||     2
 Armour: Skin              ||     1
  Dodge: Dodged            ||     4

Table legend: (Time is in decaauts)
 A = Elapsed time spent in this place.
 B = Non-inter-level travel time spent in this place.
 C = Inter-level travel time spent in this place.
 D = Time resting spent in this place.
 E = Time spent auto-exploring this place.
 F = Levels seen in this place.
 G = Mean time per level.
                   A        B        C        D        E       F      G
               +--------+--------+--------+--------+--------+-----+--------+
         Total |    116 |    116 |      0 |      0 |      0 |   1 |  116.0 |
       Dungeon |    116 |    116 |      0 |      0 |      0 |   1 |  116.0 |
               +--------+--------+--------+--------+--------+-----+--------+

Top non-repeatable levels by time:
     D:5: 116 daAuts
